 Dungeon Crawl Stone Soup version 0.29.1-2-gbd0b4ee654 (webtiles) character file.

Game seed: 11692104941543329546

5784 MisterFreud the Prestidigitator (level 11, -5/79 HPs)
             Began as a Formicid Gladiator on Nov 7, 2022.
             Was an Initiate of Yredelemnul.
             Slain by a two-headed ogre
             ... wielding a +0 giant club
              (28 damage)
             ... on level 11 of the Dungeon.
             The game lasted 00:12:10 (11742 turns).

MisterFreud the Prestidigitator (FoGl)             Turns: 11742, Time: 00:12:11

Health: -5/79      AC: 15    Str: 21    XL:     11   Next: 6%
Magic:  11/11      EV: 13    Int:  8    God:    Yredelemnul [......]
Gold:   494        SH:  5    Dex: 17    Spells: 10/10 levels left

rFire   . . .      SeeInvis +   J - +4 flail (freeze)
rCold   . . .      Faith    .   x - +0 buckler
rNeg    . . .      Spirit   .   j - +3 chain mail "Hievairgh" {+Inv rElec}
rPois   .          Reflect  .   (helmet unavailable)
rElec   +          Harm     .   (no cloak)
rCorr   .          Rampage  .   f - +0 pair of gloves
Will    +....                   r - +0 pair of boots
Stlth   ..........              (no amulet)
HPRegen 0.23/turn               k - +4 ring of evasion
MPRegen 0.12/turn               (no ring)

@: studying Maces & Flails
A: permanent stasis, dig shafts and tunnels, antennae 3, four strong arms
a: Dig, Shaft Self, Renounce Religion, Evoke Invisibility, Recall Undead Harvest


You were on level 11 of the Dungeon.
You worshipped Yredelemnul.
Yredelemnul was noncommittal.
You visited 2 branches of the dungeon, and saw 12 of its levels.

You collected 494 gold pieces.

Inventory:

Hand Weapons
 a - a +0 quarterstaff
 i - a +2 war axe of freezing
 F - a +0 giant spiked club
 G - a +2 whip of venom
 J - a +4 flail of freezing (weapon)
Missiles
 c - 3 throwing nets
 d - 6 javelins
 h - 24 poisoned darts (quivered)
 C - 3 boomerangs of dispersal
 I - 6 silver boomerangs
Armour
 b - a +0 leather armour
 f - a +0 pair of gloves (worn)
 j - the +3 chain mail "Hievairgh" (worn) {+Inv rElec}
   (You acquired it on level 3 of the Dungeon)

   rElec:     It insulates you from electricity.
   +Inv:      It lets you turn invisible.
 r - a +0 pair of boots (worn)
 x - a +0 buckler (worn)
 B - a +0 kite shield
Jewellery
 k - a +4 ring of evasion (left hand)
 l - a ring of magical power
 H - a +6 ring of intelligence
Wands
 o - a wand of iceblast (5)
 q - a wand of flame (6)
 y - a wand of paralysis (12)
Scrolls
 s - a scroll of magic mapping
 t - a scroll of butterflies
 E - 2 scrolls of identify
Potions
 e - 2 potions of flight
 g - 2 potions of lignification
 m - 3 potions of attraction
 n - a potion of curing
 p - 2 potions of ambrosia
 u - 2 potions of brilliance
 v - a potion of might
 w - a potion of cancellation {unknown}
 z - a potion of heal wounds
 A - 2 potions of mutation
 D - 2 potions of degeneration {unknown}


   Skills:
 - Level 5.0 Fighting
 + Level 5.5(8.4) Maces & Flails
 - Level 9.9(10.5) Staves
 - Level 2.0 Throwing
 + Level 6.4 Armour
 - Level 2.6 Dodging
 - Level 4.0 Shields
 - Level 10.0 Evocations


You had 10 spell levels left.
You didn't know any spells.
Your spell library contained the following spells:

 Spells                   Type           Power      Damage    Failure   Level
 Magic Dart               Conj           0%         1d3       99%         1
 Searing Ray              Conj           0%         2d4       100%        2
 Call Canine Familiar     Summ           0%         N/A       100%        3
 Conjure Flame            Conj/Fire      0%         6-21      100%        3
 Ignite Poison            Fire/Tmut/Pois 0%         N/A       100%        3
 Lesser Beckoning         Tloc           0%         N/A       100%        3
 Portal Projectile        Hex/Tloc       0%         N/A       100%        3
 Fulminant Prism          Conj/Hex       0%         3d6       100%        4
 Hailstorm                Conj/Ice       0%         3d3       100%        4
 Ice Form                 Ice/Tmut       0%         N/A       100%        4
 Leda's Liquefaction      Hex/Erth       0%         N/A       100%        4
 Sticky Flame             Conj/Fire      0%         2d3       100%        4
 Manifold Assault         Tloc           0%         N/A       100%        5
 Blink                    Tloc           Unusable   N/A       N/A         2
 Simulacrum               Ice/Necr       Unusable   N/A       N/A         6

Dungeon Overview and Level Annotations

Branches:
Dungeon (12/15)            Temple (1/1) D:7
   Lair: D:8-11         Orc: D:9-12

Altars:
Ashenzari
Dithmenos
Fedhas
Gozag
Hepliaklqana
Kikubaaqudgha
Makhleb
Nemelex Xobeh
Okawaru
Qazlal
Ru
Sif Muna
Uskayaw
Vehumet
Wu Jian
Xom
Yredelemnul
Zin
The Shining One

Shops:
D:4 :


Innate Abilities, Weirdness & Mutations

You cannot be hasted, slowed, berserked, paralysed or teleported.
You can dig through walls and to a lower floor.
You have a pair of large antennae on your head. (SInv)
Your four strong arms can wield two-handed weapons with a shield.


Message History

The water moccasin bites you.
* * * LOW HITPOINT WARNING * * *
You begin to dig a shaft.
You continue digging a shaft.
The water moccasin bites you.
* * * LOW HITPOINT WARNING * * *
A shaft appears beneath you!
You fall into a shaft and drop 3 floors!
The shaft crumbles and collapses.
Found 20 gold pieces.
Found a stone staircase leading up.
You start resting.
HP restored.
Found 9 gold pieces.
There is a stone staircase leading up here.
You climb upwards.
The komodo dragon hisses angrily.
Found 22 gold pieces, 5 stones and a dagger.
Found an escape hatch in the floor.
Found a stone staircase leading up.
There is a stone staircase leading down here.
A two-headed ogre comes into view.
It is wielding a +0 giant club and a +0 giant spiked club.
Found a scroll of identify.
The two-headed ogre shouts in stereo!
The komodo dragon hisses menacingly.
You block the two-headed ogre's attack.
The two-headed ogre hits you with a +0 giant spiked club!!
You sock the two-headed ogre! You freeze the two-headed ogre.
The two-headed ogre is moderately wounded.
An orc priest comes into view. It is wielding a +0 dagger.
The orc priest shouts!
You sock the two-headed ogre! You freeze the two-headed ogre.
The two-headed ogre is heavily wounded.
The two-headed ogre hits you with a +0 giant club!!
The two-headed ogre hits you with a +0 giant spiked club!
The orc priest looks encouraged for a moment.
You sock the two-headed ogre! You freeze the two-headed ogre.
The two-headed ogre is severely wounded.
The two-headed ogre hits you with a +0 giant club!
* * * LOW HITPOINT WARNING * * *
The two-headed ogre hits you with a +0 giant spiked club!!
You die...
Your body rises from the dead as a mindless zombie.

#..... .......
..........)..
............
.....#..... {
.......### #
........## . #..
#$.##... ...
#....#>y##.##.....
........l..@O......
##.....##..........
.....(. #....#.....
..................#
...##>..#?#####...#
... ......# ..o ..
##....## .. #.#..


You could see a two-headed ogre, a komodo dragon, a hornet and an orc priest.

Vanquished Creatures
  A troll (D:8)
  3 hornets
  Sigmund (D:3)
  2 wyverns (D:9)
  6 yaks
  A steam dragon (D:5)
  2 orc warriors
  2 water moccasins
  An ice beast (D:6)
  A black bear (D:5)
  A sky beast (D:6)
  3 ogres
  A centaur (D:7)
  A phantom (D:6)
  2 kobold brigands
  4 bullfrogs
  3 necrophages
  3 scorpions
  16 wights
  An electric eel (D:6)
  2 howler monkeys (D:6)
  3 hounds (D:5)
  An orc priest (D:3)
  5 iguanas
  An orc wizard (D:6)
  Robin (D:2)
  8 adders
  2 shadow imps
  3 ufetubi
  4 worms
  2 dart slugs
  11 orcs
  4 bats
  4 endoplasms
  9 giant cockroaches
  11 goblins
  12 hobgoblins
  4 jackals
  16 kobolds
  8 quokkas
  12 ball pythons
  4 frilled lizards
  6 rats (D:1)
188 creatures vanquished.

Vanquished Creatures (collateral kills)
  A yak (D:8)
  A basilisk (D:9)
2 creatures vanquished.

Vanquished Creatures (others)
  2 wyvern zombies (D:9)
  A yak zombie (D:9)
  2 orcs (D:7)
  2 fungi (D:9)
  12 plants
19 creatures vanquished.

Grand Total: 209 creatures vanquished

Notes
Turn   | Place    | Note
-------+----------+-------------------------------------------
     0 | D:1      | MisterFreud the Formicid Gladiator began the quest for the
                  | Orb.
     0 | D:1      | Reached XP level 1. HP: 16/16 MP: 1/1
   345 | D:1      | Reached XP level 2. HP: 15/22 MP: 2/2
   910 | D:1      | Reached XP level 3. HP: 23/27 MP: 3/3
   946 | D:1      | Found a faded altar of an unknown god.
  1683 | D:2      | Noticed Robin
  1703 | D:2      | Reached XP level 4. HP: 19/33 MP: 4/4
  1705 | D:2      | You fall into a shaft and drop 1 floor!
  2045 | D:3      | You fall into a shaft and drop 2 floors!
  2045 | D:5      | Entered Level 5 of the Dungeon
  2304 | D:4      | Reached skill level 5 in Staves
  2519 | D:4      | Reached XP level 5. HP: 38/38 MP: 5/5
  3019 | D:3      | Identified a scroll of acquirement
  3019 | D:3      | Acquired the +3 chain mail "Hievairgh" {+Inv rElec}
  3072 | D:3      | Found a sacrificial altar of Ru.
  3161 | D:2      | Killed Robin
  3430 | D:2      | Reached XP level 6. HP: 46/46 MP: 6/6
  3517 | D:2      | Reached skill level 1 in Armour
  4211 | D:3      | Noticed Sigmund
  4224 | D:3      | Killed Sigmund
  4225 | D:3      | Reached XP level 7. HP: 52/54 MP: 7/7
  5404 | D:4      | Found Xaonn's Tremendous Tomes.
  5717 | D:5      | Found a radiant altar of Vehumet.
  5879 | D:5      | Noticed a steam dragon
  5879 | D:5      | Noticed a water moccasin
  5892 | D:5      | Killed a water moccasin
  5893 | D:5      | Reached skill level 1 in Shields
  6297 | D:6      | Reached skill level 5 in Fighting
  6297 | D:6      | Reached XP level 8. HP: 61/62 MP: 8/8
  6351 | D:6      | Reached skill level 5 in Armour
  6398 | D:6      | Reached skill level 1 in Evocations
  6438 | D:6      | Reached skill level 2 in Evocations
  6627 | D:6      | Reached skill level 3 in Evocations
  6920 | D:6      | Reached skill level 4 in Evocations
  6920 | D:6      | Reached XP level 9. HP: 61/68 MP: 9/9
  7199 | D:5      | Reached skill level 5 in Evocations
  8220 | D:7      | Noticed a hornet
  8268 | D:7      | Found a staircase to the Ecumenical Temple.
  8280 | D:7      | Reached skill level 1 in Maces & Flails
  8300 | Temple   | Entered the Ecumenical Temple
  8682 | D:7      | Killed a hornet
  8699 | D:7      | Reached XP level 10. HP: 32/74 MP: 10/10
  8701 | D:7      | You fall into a shaft and drop 1 floor!
  9206 | D:8      | Reached skill level 6 in Evocations
  9258 | D:8      | Reached skill level 7 in Evocations
  9586 | D:8      | Reached skill level 8 in Evocations
 10320 | D:8      | Reached skill level 9 in Evocations
 10430 | D:8      | Found a basalt altar of Yredelemnul.
 10441 | D:8      | Became a worshipper of Yredelemnul the Dark
 10604 | D:8      | Reached * piety under Yredelemnul
 10617 | D:8      | Reached ** piety under Yredelemnul
 10852 | D:8      | Reached skill level 10 in Evocations
 11433 | D:9      | Reached XP level 11. HP: 25/79 MP: 11/11
 11435 | D:9      | Reached skill level 5 in Maces & Flails
 11445 | D:9      | You fall into a shaft and drop 3 floors!
 11736 | D:11     | Noticed a two-headed ogre
 11742 | D:11     | Slain by a two-headed ogre

Illustrated notes

Levels and vault maps discovered:
D:1:      onia_arrival_handbag, layout_basic,
          dilly_ecumenical_altar_fadedgnrine, st_stairs_14
D:2:      layout_basic, minmay_worlds_worst_comb, uniq_robin
D:3:      layout_loops_corners, lemuel_crystal_altar,
          cheibrodos_sewer_entry_bend, uniq_sigmund
D:4:      layout_loops_corners, grunt_decor_junction, hex_tiny,
          nicolae_shop_i_like_big_books, chequers_garden, corner_web_ring
D:5:      layout_basic, mainiacjoe_overflow_alcove_4,
          chequers_serial_rivers_micro_d, kennysheep_cluttered_room,
          minmay_manual_moon
D:6:      layout_loops_cross, serial_bayou_pond_b
D:7:      layout_rooms, minmay_temple_entry_sparse_star
D:8:      layout_rooms, mainiacjoe_overflow_small_starburst,
          palyth_stone_intersect
D:9:      layout_roguey, nicolae_overflow_hidden_temple, old_standard_altar,
          minmay_lair_entry_grove, statue_in_the_mist_lemuel
D:11:     layout_rooms, erik_orc_4
D:12:     layout_stronghold, serial_demonic, serial_demonic_a, serial_demonic_c,
          serial_demonic_b, serial_demonic_b, serial_demonic_e, grunt_decor_cap,
          uniq_fannar
Temple:   nicolae_temple_x_marks_the_god

Skill      XL: |  1  2  3  4  5  6  7  8  9 10 11 |
---------------+----------------------------------+-----
Staves         | 4 5 6 7 9 |  9.9
Armour         | 3 4 5 6 |  6.4
Fighting       | 4 5 |  5.0
Shields        | 3 4 |  4.0
Evocations     | 4 5 10 | 10.0
Maces & Flails | 1 4 5 |  5.5
Throwing       | |  2.0
Dodging        | |  2.6

Action                   |  1- 3 |  4- 6 |  7- 9 | 10-12 || total
-------------------------+-------+-------+-------+-------++-------
Melee: Quarterstaff      |    95 |   163 |   353 |   201 ||   812
       Punch             |     1 |     3 |       |       ||     4
       Flail             |       |       |       |    44 ||    44
Throw: Dart              |       |       |     3 |     4 ||     7
 Abil: Shaft Self        |       |     2 |       |     2 ||     4
Evoke: Wand              |       |       |     1 |       ||     1
  Use: Scroll            |     4 |     6 |     4 |     4 ||    18
       Potion            |       |       |       |     1 ||     1
 Stab: Sleeping          |     1 |       |       |       ||     1
       Distracted        |       |       |       |     1 ||     1
Armor: Leather armour    |    22 |    11 |       |       ||    33
       Chain mail        |       |    41 |   132 |    65 ||   238
Dodge: Dodged            |    45 |   138 |   159 |   108 ||   450
Block: Buckler           |       |       |    74 |    52 ||   126
